 Dungeon Crawl Stone Soup version 0.28-a0-474-g535839065c (webtiles) character file.

Game seed: 10034910654544926577

5897 robertstho the Thaumaturge (level 11, 0/75 HPs)
             Began as a Djinni Fire Elementalist on Sept 15, 2021.
             Was an Initiate of Gozag.
             Slain by Harold (2 damage)
             ... on level 9 of the Dungeon.
             The game lasted 00:13:40 (9633 turns).

robertstho the Thaumaturge (DjFE)                   Turns: 9633, Time: 00:13:40

Health: 0/75       AC:  8    Str:  2    XL:     11   Next: 8%
Gold:   795        EV:  5    Int: 33    God:    Gozag SH:  0 Dex: 13

rFire   + + +      SeeInvis .   a - +9 dagger of Jamoubbu {freeze, Str-5 Int+6}
rCold   x . .      Faith    .   l - +1 buckler {rF+}
rNeg    . . .      Spirit   .   p - +2 leather armour {rF+}
rPois   ∞          Reflect  +   C - +0 helmet
rElec   .          Harm     .   (no cloak)
rCorr   .          Rampage  .   w - +0 pair of gloves
Will    +....                   (boots unavailable)
Stlth   ++........              I - amulet of reflection
HPRegen 0.22/turn               j - +6 ring of intelligence
MPRegen 0.00/turn               J - ring of wizardry

@: gold aura, flying, held
A: sickness immunity, fire resistance 2, cold vulnerability 1, float, innate
caster, hp casting, extra vitality 1
a: Renounce Religion, Potion Petition, Call Merchant, Bribe Branch


You were on level 9 of the Dungeon.
You worshipped Gozag.
Gozag was pleased with you.
You visited 2 branches of the dungeon, and saw 10 of its levels.
You also visited: Ossuary.

You collected 876 gold pieces.
You paid 81 gold pieces to Gozag.

Inventory:

Hand Weapons
 a - the +9 dagger of Jamoubbu (weapon) {freeze, Str-5 Int+6}
   (You found it on level 6 of the Dungeon)

   It freezes those it strikes, dealing additional cold damage.
   It can also slow down cold-blooded creatures.
   Str:       It affects your strength (-5).
   Int:       It affects your intelligence (+6).
 i - a +2 dagger of venom
Armour
 l - a +1 buckler of fire resistance (worn)
 p - a +2 leather armour of fire resistance (worn)
 w - a +0 pair of gloves (worn)
 C - a +0 helmet (worn)
Jewellery
 j - a +6 ring of intelligence (left hand)
 o - a ring of ice
 q - a +6 ring of intelligence
 B - an amulet of regeneration
 D - the ring of Bienyrcho {Str+2 Dex+6}
   (You found it on level 7 of the Dungeon)

   [ring of dexterity]

   Str:       It affects your strength (+2).
   Dex:       It affects your dexterity (+6).
 F - a ring of resist corrosion
 I - an amulet of reflection (around neck)
 J - a ring of wizardry (right hand)
Wands
 c - a wand of acid (14)
 v - a wand of paralysis (7)
Scrolls
 f - a scroll of silence {unknown}
 g - 3 scrolls of teleportation
 n - 4 scrolls of fear {unknown}
 r - 2 scrolls of amnesia {unknown}
 u - a scroll of torment
 y - 2 scrolls of blinking
 A - a scroll of immolation
 H - a scroll of acquirement {unknown}
Potions
 b - 2 potions of attraction
 d - 6 potions of haste
 e - 2 potions of berserk rage
 h - 3 potions of heal wounds
 k - 2 potions of mutation {unknown}
 m - 2 potions of degeneration {unknown}
 s - 3 potions of cancellation {unknown}
 t - 2 potions of lignification {unknown}
 x - 2 potions of magic {unknown}
 z - 4 potions of curing
 E - a potion of might {unknown}
 G - a potion of brilliance {unknown}
 K - a potion of ambrosia {unknown}


   Skills:
 * Level 5.1 Fighting
 * Level 5.5 Armour
 + Level 3.1 Dodging
 + Level 2.7 Stealth
 + Level 0.7 Shields
 * Level 10.6 Spellcasting


You had 4 spell levels left.
You knew the following spells:

 Your Spells              Type           Power      Damage    Failure   Level
a - Foxfire               Conj/Fire      100%       2x1d9     1%          1
b - Scorch                Fire           100%       2d10      1%          2
c - Conjure Flame         Conj/Fire      72%        6-21      1%          3
d - Inner Flame           Hex/Fire       72%        N/A       1%          3
e - Flame Wave            Conj/Fire      72%        3d12      1%          4
f - Beastly Appendage     Tmut           100%       N/A       1%          1
g - Blink                 Tloc           N/A        N/A       1%          2
h - Spider Form           Tmut/Pois      36%        N/A       1%          3
i - Dazzling Flash        Conj/Hex       100%       N/A       1%          3
j - Metabolic Englaciati  Hex/Ice        36%        N/A       1%          5
Your spell library was empty.

Dungeon Overview and Level Annotations

Branches:
Dungeon (9/15)             Temple (1/1) D:6         Ossuary (visited)
   Lair: D:8-11         Orc: D:9-12

Altars:
Ashenzari
Cheibriados
Dithmenos
Elyvilon
Fedhas
Gozag
Hepliaklqana
Kikubaaqudgha
Makhleb
Nemelex Xobeh
Okawaru
Qazlal
Ru
Sif Muna
Trog
Uskayaw
Vehumet
Wu Jian
Xom
Yredelemnul
Zin
The Shining One

Annotations:
D:9 Harold


Innate Abilities, Weirdness & Mutations

You are immune to sickness and miasma.
You are immune to poison.
Your flesh is very heat resistant. (rF++)
You are vulnerable to cold. (rC-)
You float through the air rather than walking.
You learn spells naturally, not from books.
Your magical power is your life essence.
You have superior vitality. (+4 HP)


Message History

The orc warrior hits you but does no damage.
Harold shouts!
A wave of flame ripples out!
The flame wave engulfs the two-headed ogre!!
You kill the two-headed ogre!
The flame wave engulfs the orc warrior!
The orc warrior is almost dead.
The flame wave engulfs the orc!
You kill the orc!
The flame wave engulfs Harold!!
Harold is heavily wounded.
Harold is no longer distracted by gold.
You finish channelling waves of flame.
The orc warrior hits you but does no damage.
An orc priest comes into view. It is wielding a +0 club.
Your Fighting skill increases to level 5!
You have reached level 11!
The power to cast Metabolic Englaciation wells up from within.
Spell assigned to 'j'.
Casting: Flame Wave (safe; 1% risk of failure)
Confirm with . or Enter, or press ? or * to list all spells.
Casting: Flame Wave (safe; 1% risk of failure)
Press: ? - help, Dir - look around, f - activate A wave of flame ripples out!
The flame wave engulfs the orc warrior!!
You kill the orc warrior! (Press . to intensify the flame waves.)
The orc priest calls down the wrath of Beogh upon you.
Beogh smites you! Harold shouts, "Can you die now?
I had plans for the rest of the day!"
Harold hits you from afar with a +0 trident!
* * * LOW HITPOINT WARNING * * *
A wave of flame ripples out!
The flame wave engulfs Harold!
Harold is severely wounded.
* * * LOW HITPOINT WARNING * * *
Harold hits you from afar with a +0 trident!
* * * LOW HITPOINT WARNING * * *
You tear a large gash into the net.
Harold hits you from afar with a +0 trident.
You die...
Your body crumbles into a pile of gold.

. $ ...
###########....
........$......
.....@.@$$.o...
##..######.....
#.. $


You could see Harold and an orc priest.

Vanquished Creatures
  2 two-headed ogres
  A hornet (D:8)
  2 wraiths
  3 vampire mosquitoes (D:8)
  2 ice beasts
  2 sky beasts (D:5)
  An orc warrior (D:9)
  3 centaurs
  A necrophage (D:7)
  8 ogres
  A phantom (D:5)
  A kobold brigand (D:8)
  A bullfrog (D:7)
  14 scorpions
  A wyvern zombie (D:8)
  A water moccasin skeleton (D:5)
  A water moccasin zombie (D:6)
  A wyvern skeleton (D:6)
  A centaur skeleton (D:7)
  2 centaur zombies (Ossuary)
  4 orc priests
  2 human zombies (Ossuary)
  A bullfrog zombie (D:6)
  A gnoll shaman (D:7)
  2 jellies
  2 bullfrog skeletons
  2 hounds
  Jessica (D:2)
  3 iguanas
  3 scorpion zombies (Ossuary)
  4 orc wizards
  2 killer bee zombies
  A hound skeleton (D:4)
  3 mummies (Ossuary)
  A howler monkey zombie (D:5)
  5 gnolls (D:7)
  6 adders
  A shadow imp (D:6)
  An ufetubus (D:6)
  3 worms
  4 dart slugs
  25 orcs
  6 ball pythons
  9 endoplasms
  A giant cockroach (D:1)
  A gnoll zombie (Ossuary)
  6 hobgoblins
  2 jackals (D:5)
  9 kobolds
  2 quokkas
  2 bats
  3 frilled lizards
  2 goblins
  3 hobgoblin zombies (Ossuary)
  4 kobold zombies (Ossuary)
  A rat (D:1)
177 creatures vanquished.

Vanquished Creatures (others)
  496 foxfires
496 creatures vanquished.

Grand Total: 673 creatures vanquished

Notes
Turn   | Place    | Note
-------+----------+-------------------------------------------
     0 | D:1      | robertstho the Djinni Fire Elementalist began the quest for
                  | the Orb.
     0 | D:1      | Reached XP level 1. HP: 15/15 MP: 0/0
   315 | D:1      | Reached XP level 2. HP: 11/22 MP: 0/0
   921 | D:1      | Reached skill level 1 in Fighting
   921 | D:1      | Reached XP level 3. HP: 7/27 MP: 0/0
   921 | D:1      | Learned a level 1 spell: Beastly Appendage
  1262 | D:1      | Reached skill level 3 in Spellcasting
  1940 | D:2      | Noticed Jessica
  1945 | D:2      | Killed Jessica
  1946 | D:2      | Reached XP level 4. HP: 29/32 MP: 0/0
  3445 | D:3      | Reached XP level 5. HP: 31/37 MP: 0/0
  3445 | D:3      | Learned a level 2 spell: Blink
  3966 | D:4      | Noticed an ogre
  3979 | D:4      | Killed an ogre
  3980 | D:4      | Reached skill level 4 in Spellcasting
  3980 | D:4      | Reached XP level 6. HP: 6/42 MP: 0/0
  3980 | D:4      | Noticed an ogre
  3982 | D:4      | HP: 2/42 [orc priest/divine providence (13)]
  4031 | D:4      | Reached skill level 1 in Armour
  4404 | D:4      | Killed an ogre
  5240 | D:4      | Noticed an ogre
  5240 | D:4      | Noticed an ogre
  5244 | D:4      | Killed an ogre
  5245 | D:4      | Reached skill level 5 in Spellcasting
  5245 | D:4      | Reached XP level 7. HP: 41/49 MP: 0/0
  5245 | D:4      | Learned a level 3 spell: Spider Form
  5570 | D:5      | Entered Level 5 of the Dungeon
  6150 | D:5      | Reached XP level 8. HP: 45/55 MP: 0/0
  6273 | D:5      | Reached skill level 6 in Spellcasting
  6347 | D:5      | Noticed a wraith
  6361 | D:5      | Killed a wraith
  6362 | D:5      | Reached skill level 7 in Spellcasting
  6372 | D:5      | Reached XP level 9. HP: 22/61 MP: 0/0
  6372 | D:5      | Learned a level 3 spell: Dazzling Flash
  7388 | D:6      | Reached skill level 8 in Spellcasting
  7462 | D:6      | Identified the +1 flail of Ytouzoce {freeze, *Rage Will-
                  | Str+4 Stlth+}
  7638 | D:6      | Identified the +9 dagger of Jamoubbu {freeze, Str-5 Int+6}
  7780 | D:6      | Found a staircase to the Ecumenical Temple.
  7793 | Temple   | Entered the Ecumenical Temple
  7849 | Temple   | Became a worshipper of Gozag Ym Sagoz the Greedy
  8367 | D:7      | Reached skill level 9 in Spellcasting
  8367 | D:7      | Reached XP level 10. HP: 58/69 MP: 0/0
  8387 | D:7      | Identified the ring of Bienyrcho {Str+2 Dex+6}
  8614 | D:8      | Found a sand-covered staircase.
  8622 | Ossuary  | Entered an ossuary
  9136 | D:8      | Reached skill level 5 in Armour
  9247 | D:8      | Reached skill level 10 in Spellcasting
  9270 | D:8      | Found a white marble altar of Elyvilon.
  9536 | D:8      | Noticed a two-headed ogre
  9540 | D:8      | Killed a two-headed ogre
  9622 | D:9      | Noticed Harold
  9622 | D:9      | Noticed a two-headed ogre
  9630 | D:9      | Killed a two-headed ogre
  9631 | D:9      | Reached skill level 5 in Fighting
  9631 | D:9      | Reached XP level 11. HP: 40/75 MP: 0/0
  9631 | D:9      | Learned a level 5 spell: Metabolic Englaciation
  9632 | D:9      | HP: 2/75 [Harold (8)]
  9633 | D:9      | Slain by Harold

Illustrated notes

Levels and vault maps discovered:
D:1:      lemuel_arrival_cross, layout_loops_corners, st_stairs_1
D:2:      layout_loops_ring, uniq_jessica
D:3:      layout_loops_cross
D:4:      layout_basic, minmay_misc_feat_alley, minmay_door_square
D:5:      layout_basic, corexii_item_surrounded_by_moat,
          minmay_fractal_squares_diagonal_5
D:6:      layout_basic, minmay_temple_entry_fiery
D:7:      layout_cave_pools
D:8:      layout_loops_ring, lemuel_doored_altar, chequers_ossuary_entry_cave
D:9:      layout_irregular_city, lair_entry_dummy, enter_bailey_2, uniq_harold
Temple:   kilobyte_greek_temple

Skill      XL: |  1  2  3  4  5  6  7  8  9 10 |
---------------+-------------------------------+-----
Fighting       | 1 2 3 4 5 |  5.1
Spellcasting   | 3 4 5 7 9 10 | 10.6
Armour         | 1 2 3 4 5 |  5.5
Stealth        | 2 |  2.7
Dodging        | 3 |  3.1
Shields        | |  0.7

Action                   |  1- 3 |  4- 6 |  7- 9 | 10-12 || total
-------------------------+-------+-------+-------+-------++-------
Melee: Unarmed           |     1 |       |       |       ||     1
       Dagger            |       |    24 |       |     8 ||    32
 Cast: Foxfire           |    50 |     7 |   192 |    47 ||   296
       Scorch            |     3 |    56 |    50 |     7 ||   116
       Blink             |       |       |     1 |       ||     1
       Flame Wave        |       |       |     3 |    18 ||    21
  Use: Scroll            |       |     5 |     1 |     5 ||    11
       Potion            |       |     4 |     1 |       ||     5
 Stab: Sleeping          |     1 |       |       |       ||     1
Armor: Robe              |     1 |     2 |       |       ||     3
       Leather armour    |       |     1 |     8 |    18 ||    27
Dodge: Dodged            |     9 |    17 |    21 |    14 ||    61
Block: Buckler           |       |     5 |     8 |     6 ||    19

Table legend: (Time is in decaauts)
 A = Elapsed time spent in this place.
 B = Non-inter-level travel time spent in this place.
 C = Inter-level travel time spent in this place.
 D = Time resting spent in this place.
 E = Time spent auto-exploring this place.
 F = Levels seen in this place.
 G = Mean time per level.
                   A        B        C        D        E       F      G
               +--------+--------+--------+--------+--------+-----+--------+
         Total |   9625 |   9337 |    288 |    569 |   7561 |  11 |  875.0 |
       Dungeon |   9160 |   8910 |    250 |    569 |   7331 |   9 | 1017.8 |
        Temple |     94 |     56 |     38 |      0 |     43 |   1 |   94.0 |
       Ossuary |    369 |    369 |      0 |      0 |    187 |   1 |  369.0 |
               +--------+--------+--------+--------+--------+-----+--------+

Top non-repeatable levels by time:
     D:4: 2015 daAuts
     D:1: 1898 daAuts
     D:5: 1400 daAuts
     D:2: 1131 daAuts
     D:3: 822 daAuts
     D:8: 660 daAuts
     D:6: 621 daAuts
     D:7: 599 daAuts
 Ossuary: 369 daAuts
  Temple: 94 daAuts
     D:9: 10 daAuts
